AoeStats
← visionary

Arena

511334699Analyzed
3v3 RM · 13d ago on Oct 4, 2026· 60m 9s· 6 players
Game mode
Random Map
Map size
Normal (6 player)
Population
200
Speed
Normal
Resources
Standard
Victory
Conquest
Starting age
Dark Age
Ending age
Imperial Age
RankedLock teamsTeams togetherTeam positionsShared explorationLock speedFull tech treeHidden civsTurbo modeCheats
Victory
Defeat
🇹🇼 Romans · Taiwan
1207
+12
🇸🇪 Khitans · Sweden
1120
+15
🇦🇷 Franks · Argentina
1078
+17
vs
🇫🇷 Vikings · France
1196
-18
🇫🇷 Danes · France
1105
-15
🇫🇷 Khmer · France
1025
-11
Squeeze
2:30 Loom
10:50 Feudal Age
11:11 Domestication
11:17 Double-Bit Axe
17:13 Castle Age
16:40 Forging
18:02 Wheelbarrow
17:13 Town Watch
17:49 Gold Mining
21:42 Pastoralism
27:57 Iron Casting
29:31 Stone Mining
30:00 Husbandry
31:23 Scale Barding Armor
32:25 Chain Barding Armor
36:33 Imperial Age
35:20 Stone Shaft Mining
34:36 Arson
34:14 Light Cavalry
36:23 Hand Cart
36:09 Town Patrol
36:11 Scale Mail Armor
36:02 Fletching
37:51 Conscription
37:55 Hussar
42:19 Plate Barding Armor
45:35 Murder Holes
45:50 Fortified Wall
46:37 Transhumance
46:47 Chain Mail Armor
46:28 Bodkin Arrow
46:58 Lamellar Armor
47:39 Elite Steppe Lancer
49:25 Bow Saw
50:55 Caravan
51:44 Ordo Cavalry
52:40 Plate Mail Armor
55:16 Bracer
55:17 Padded Archer Armor
visionary
10:47 Feudal Age
12:26 Wheelbarrow
15:08 Castle Age
13:03 Double-Bit Axe
13:06 Horse Collar
16:07 Bow Saw
20:40 Town Watch
20:35 Man-at-Arms
21:58 Long Swordsman
23:05 Squires
23:08 Scale Mail Armor
23:30 Gold Mining
23:36 Stone Mining
25:00 Chain Mail Armor
25:52 Hand Cart
30:28 Imperial Age
27:43 Loom
29:49 Fletching
30:23 Ballistics
30:44 Forging
30:36 Heavy Plow
30:32 Legionary
31:07 Pikeman
31:08 Capped Ram
32:38 Conscription
33:35 Crop Rotation
35:27 Iron Casting
34:29 Halberdier
35:39 Bodkin Arrow
35:49 Scale Barding Armor
35:15 Onager
35:59 Siege Ram
36:19 Heavy Scorpion
40:04 Siege Engineers
41:00 Chemistry
40:24 Elite Centurion
41:32 Comitatenses
41:17 Ballistas
41:52 Scale Barding Armor
42:47 Blast Furnace
43:53 Chain Barding Armor
50:26 Bodkin Arrow
51:06 Plate Barding Armor
51:21 Fortified Wall
58:28 Coinage
SoyRock
5:05 Loom
10:48 Feudal Age
11:58 Double-Bit Axe
18:31 Castle Age
16:45 Stone Mining
17:04 Gold Mining
19:58 Bow Saw
20:28 Gold Shaft Mining
21:09 Fletching
22:03 Bodkin Arrow
23:30 Forging
31:15 Imperial Age
29:05 Murder Holes
29:21 Masonry
29:25 Forging
32:45 Conscription
34:48 Architecture
35:10 Ballistics
35:42 Iron Casting
35:13 Scale Barding Armor
40:23 Blast Furnace
42:45 Chain Barding Armor
43:14 Wheelbarrow
42:25 Town Watch
42:47 Husbandry
45:03 Plate Barding Armor
46:40 Cavalier
48:19 Hand Cart
55:57 Caravan
56:17 Paladin
Beryal
8:04 Loom
10:44 Feudal Age
12:25 Horse Collar
13:06 Double-Bit Axe
13:19 Gold Mining
19:50 Castle Age
22:47 Bow Saw
23:17 Gold Shaft Mining
22:44 Heavy Plow
31:23 Imperial Age
32:41 Heavy Scorpion
48:58 Stone Mining
49:52 Crop Rotation
52:33 Stone Shaft Mining
Whikebain
10:51 Feudal Age
15:06 Castle Age
13:23 Double-Bit Axe
13:57 Horse Collar
17:48 Bow Saw
20:39 Scale Mail Armor
21:07 Town Watch
22:30 Heavy Plow
23:07 Gold Mining
25:02 Chain Mail Armor
26:15 Forging
26:36 Squires
27:33 Iron Casting
28:13 Fletching
29:33 Loom
33:20 Imperial Age
32:10 Scale Barding Armor
33:15 Arson
35:09 Chain Barding Armor
35:21 Plate Mail Armor
34:16 Elite Varangian Guard
34:36 Light Cavalry
37:27 Conscription
37:12 Chieftains
38:39 Elite Berserk
42:12 Blast Furnace
48:00 Gold Shaft Mining
47:16 Stone Mining
48:17 Bodkin Arrow
53:18 Onager
57:17 Siege Engineers
58:13 Chemistry
Xëlly
10:23 Feudal Age
8:43 Loom
14:13 Castle Age
14:08 Wheelbarrow
13:32 Double-Bit Axe
13:36 Horse Collar
16:06 Bow Saw
22:06 Wheelbarrow
22:57 Heavy Plow
25:06 Arson
25:52 Squires
27:18 Man-at-Arms
27:46 Gambesons
27:59 Long Swordsman
28:54 Forging
28:45 Scale Mail Armor
28:51 Pikeman
46:52 Iron Casting
46:56 Scale Mail Armor
53:36 Imperial Age
54:32 Chain Mail Armor
54:08 Fletching
55:20 Blast Furnace
54:09 Elite Varangian Guard
55:33 Bodkin Arrow
55:11 Two-Handed Swordsman
55:12 Halberdier
56:58 Champion
59:02 Hand Cart
Connection lost

Rejoining the realm…

Still unreachable

The connection could not be restored.

Session expired

The server has moved on; the page needs a fresh start.